AoeStats
← Mendez_AxS

Pilgrims

508746899Analyzed
2v2 RM · 9d ago on Sep 23, 2026· 40m 22s· 4 players
Game mode
Random Map
Map size
Medium (4 player)
Population
200
Speed
Normal
Resources
Standard
Victory
Conquest
Starting age
Dark Age
Ending age
Imperial Age
RankedLock teamsTeams togetherTeam positionsShared explorationLock speedFull tech treeHidden civsTurbo modeCheats
Victory
Defeat
🇵🇪 Celts · Peru
762
+13
🇷🇺 Byzantines · Russia
749
+13
🇺🇸 Teutons · United States
692
-13
🇲🇽 Tupi · Mexico
682
-13
Livsha
13:11 Feudal Age
15:14 Wheelbarrow
14:45 Fishing Lines
16:02 Double-Bit Axe
16:43 Horse Collar
19:13 Fletching
19:35 Forging
21:28 Castle Age
19:20 Fletching
21:52 Scale Barding Armor
21:48 Scale Mail Armor
22:23 Medium Warships
22:07 Gillnets
22:47 Hand Cart
22:35 Heavy Plow
22:43 Arson
22:59 Squires
22:45 Gambesons
23:17 Pikeman
24:27 Bodkin Arrow
25:02 Husbandry
25:00 Gold Mining
25:14 Light Cavalry
26:37 Iron Casting
26:09 Stone Mining
27:02 Gold Shaft Mining
27:39 Ballistics
27:15 Murder Holes
28:38 Chain Mail Armor
31:25 Chain Barding Armor
32:10 Thumb Ring
37:02 Imperial Age
34:16 Treadmill Crane
34:38 Padded Archer Armor
36:16 Bow Saw
35:40 Crossbowman
37:06 Capped Ram
37:21 Hussar
39:04 Chemistry
37:51 Arrowslits
38:08 Bracer
37:57 Elite Skirmisher
38:14 Cavalier
HEBERT27
5:44 Loom
14:20 Feudal Age
18:05 Wheelbarrow
23:25 Castle Age
30:46 Imperial Age
32:39 Double-Bit Axe
33:48 Pikeman
38:42 Chemistry
Mendez_AxS
7:41 Loom
15:53 Feudal Age
17:29 Wheelbarrow
16:42 Double-Bit Axe
16:41 Horse Collar
20:56 Champi Runner
26:57 Castle Age
29:55 Forging
29:45 Scale Mail Armor
35:48 Imperial Age
34:55 Pikeman
Gracious__Buds
6:41 Loom
15:22 Feudal Age
16:38 Wheelbarrow
15:53 Double-Bit Axe
16:02 Stone Mining
16:06 Gold Mining
16:04 Horse Collar
20:25 Man-at-Arms
23:30 Castle Age
22:50 Scale Mail Armor
23:00 Forging
24:42 Chain Mail Armor
25:04 Iron Casting
24:37 Heavy Plow
24:49 Bow Saw
25:42 Hand Cart
30:50 Fletching
34:12 Bodkin Arrow
38:10 Imperial Age
36:36 Stone Shaft Mining
40:24 Imperial Age
Connection lost

Rejoining the realm…

Still unreachable

The connection could not be restored.

Session expired

The server has moved on; the page needs a fresh start.